 Dungeon Crawl Stone Soup version 0.24-a0-458-gfcb5e6da0e (webtiles) character file.

Game seed: 5538161404574761831

35 Mrkan the Ruffian (level 3, -3/36 HPs)
             Began as a Troll Abyssal Knight on June 27, 2019.
             Was a Follower of Lugonu.
             Slain by Natasha (8 damage)
             ... on level 1 of the Dungeon.
             The game lasted 00:01:59 (917 turns).

Mrkan the Ruffian (Troll Abyssal Knight)             Turns: 917, Time: 00:02:00

Health: -3/36      AC:  6    Str: 20    XL:     3   Next: 16%
Magic:  3/3        EV: 10    Int:  9    God:    Lugonu [*.....]
Gold:   40         SH:  0    Dex:  9    Spells: 2/2 levels left

rFire    . . .     SeeInvis .     - Unarmed
rCold    . . .     Gourm    +   (no shield)
rNeg     . . .     Faith    .   a - +0 robe
rPois    .         Spirit   .   (helmet restricted)
rElec    .         Reflect  .   (no cloak)
rCorr    .         Harm     .   (gloves unavailable)
MR       .....                  (boots unavailable)
Stlth    +.........             (no amulet)
HPRegen  0.52/turn              (no ring)
MPRegen  0.08/turn              (no ring)

@: no status effects
A: large, unfitting armour, claws 3, fast metabolism 3, gourmand, regeneration
1, shaggy fur 1, tough skin 3
a: Depart the Abyss, Renounce Religion


You were on level 1 of the Dungeon.
You worshipped Lugonu.
Lugonu was aware of your devotion.
You were full.

You visited 1 branch of the dungeon, and saw 2 of its levels.
You visited the Abyss 1 time.

You collected 40 gold pieces.

Inventory:

Armour
 a - a +0 robe (worn)
Jewellery
 i - an uncursed amulet of regeneration {unknown}
Scrolls
 c - a scroll of holy word {unknown}
 d - 2 scrolls of enchant armour {unknown}
 f - a scroll of remove curse {unknown}
 g - 2 scrolls of identify {unknown}
Potions
 e - a potion of might {unknown}
 h - a potion of flight {unknown}
 j - a potion of degeneration {unknown}
 k - a potion of brilliance {unknown}
 l - a potion of cancellation {unknown}
 m - 2 potions of curing {unknown}
Comestibles
 b - 2 rations


   Skills:
 - Level 2.4 Fighting
 - Level 1.9 Dodging
 * Level 3.2 Unarmed Combat
 + Level 2.2 Invocations


You had 2 spell levels left.
You didn't know any spells.
Your spell library was empty.

Dungeon Overview and Level Annotations

Branches:
Dungeon (2/15)

Altars:

Annotations:
D:1 Natasha


Innate Abilities, Weirdness & Mutations

You are too large for most types of armour.
You have claws for hands.
Your metabolism is lightning-fast.
You like to eat raw meat.
Your natural rate of healing is unusually fast.
You are covered in fur. (AC +1)
You have extremely tough skin. (AC +3)


Message History

There is a stone staircase leading up here.
Natasha claws you.
* * * LOW HITPOINT WARNING * * *
The shadow imp completely misses you.
You climb upwards.
The shadow imp disappears in a puff of smoke!
There is a stone staircase leading down here.
You see here a stone.
Okay, then.
Okay, then.
You claw Natasha!
Natasha is severely wounded.
Natasha claws you but does no damage.
You closely miss Natasha.
Natasha is severely wounded.
Natasha claws you but does no damage.
You barely miss Natasha.
Natasha is severely wounded.
Natasha claws you!
You die...

#.# #.##### ####......
#......### ##### #......# #
#...# ##......# #
####...####.......###
#########...h................
#........)..@................
#########.##.(..###.......#..
#.##....# #..........
#.##....# #..........
#.##....# #..........
#.#####.# #.######... #.# #.#
#.# #... #.# #.# #.# #...
#.#####.###.# #...


You could see Natasha.

Vanquished Creatures
  A worm (D:2)
  7 goblins (D:1)
  3 hobgoblins
  6 jackals (D:1)
  A bat (D:1)
  6 kobolds (D:1)
  5 rats (D:1)
29 creatures vanquished.

Notes
Turn   | Place    | Note
-------+----------+-------------------------------------------
     0 | Abyss:1  | Mrkan the Troll Abyssal Knight began the quest for the Orb.
     0 | Abyss:1  | Reached XP level 1. HP: 22/22 MP: 1/1
     9 | Abyss:2  | Noticed a large abomination
    14 | D:1      | Escaped the Abyss
   183 | D:1      | Reached * piety under Lugonu
   183 | D:1      | Reached XP level 2. HP: 25/29 MP: 2/2
   468 | D:1      | Reached skill level 3 in Unarmed Combat
   867 | D:2      | Noticed Natasha
   884 | D:1      | Reached XP level 3. HP: 31/36 MP: 3/3
   917 | D:1      | Slain by Natasha

Levels and vault maps discovered:
D:1:      lightli_arrival_boilingwater, layout_basic
D:2:      layout_loops_cross, first_ration, uniq_natasha

Skill      XL: |  1  2 |
---------------+-------+-----
Invocations    | 2 |  2.2
Unarmed Combat | 3 |  3.2
Fighting       | |  2.4
Dodging        | |  1.9

Action                   || total
-------------------------++-------
Melee: Unarmed           ||    67
Invok: Depart the Abyss  ||     1
  Eat: Chunk             ||    10
Armor: Robe              ||    29
Dodge: Dodged            ||    56

Table legend:
 A = Non-vault XP
 B = Vault XP
 C = Vault XP percentage of total XP
 D = Non-vault monster count
 E = Vault monster count
 F = Vault count percentage of total count
                 A         B        C        D         E       F
            +---------+---------+-------+---------+---------+-------
      Total |      50 |       0 |   0.0 |      29 |       0 |   0.0
            +---------+---------+-------+---------+---------+-------
        D:1 |      43 |       0 |   0.0 |      27 |       0 |   0.0
        D:2 |       7 |       0 |   0.0 |       2 |       0 |   0.0
            +---------+---------+-------+---------+---------+-------
